 Dungeon Crawl Stone Soup version 0.30-a0-777-ga9a30cbeda (webtiles) character file.

Game seed: 437523188248700634

98597 mistaj the Fencer (level 16, -4/93 HPs)
             Began as a Vine Stalker Fighter on Feb 14, 2023.
             Was the Champion of Makhleb.
             Slain by Agnes
             ... wielding a +3 lajatang of distortion
              (14 damage)
             ... on level 1 of the Snake Pit.
             The game lasted 00:57:59 (24377 turns).

mistaj the Fencer (Vine Stalker Fighter)           Turns: 24377, Time: 00:58:00

Health: -4/93      AC: 25    Str: 22    XL:     16   Next: 22%
Magic:  0/23       EV: 15    Int: 10    God:    Makhleb [******]
Gold:   1388       SH:  7    Dex: 15    Spells: 23/23 levels left

rFire   + + +      SeeInvis .    r - +6 long sword "Ruatz" {protect, rElec rPois}
rCold   + . .      Faith    .    C - +2 buckler {rF+}
rNeg    . . .      Spirit   +    G - +5 ring mail "Gallorip" {rElec rF++ rC+ Int-2}
rPois   +          Reflect  .    o - +1 helmet
rElec   +          Harm     .    R - +2 cloak {rCorr}
rCorr   +          Rampage  ∞    F - +1 pair of gloves
Will    ++...                    P - +3 pair of seven-league boots {Rampage+∞}
Stlth   +                        A - amulet of regeneration
HPRegen 1.95/turn                s - +5 ring of evasion
MPRegen 0.18/turn                L - +4 ring of slaying

@: hasted, very quick
A: fangs 3, regeneration 1, magic shield, antimagic bite, no potion heal 2
a: Renounce Religion, Minor Destruction, Lesser Servant of Makhleb, Major
Destruction, Greater Servant of Makhleb


You were on level 1 of the Snake Pit.
You worshipped Makhleb.
Makhleb was exalted by your worship.
You visited 4 branches of the dungeon, and saw 23 of its levels.
You also visited: Gauntlet and Volcano.

You collected 3078 gold pieces.
You spent 1690 gold pieces at shops.

Inventory:

Hand Weapons
 r - the +6 long sword "Ruatz" (weapon) {protect, rElec rPois}
   (You found it on level 3 of the Dungeon)

   rElec:     It insulates you from electricity.
   rPois:     It protects you from poison.
 y - the +8 arc blade {discharge, rElec}
   (You found it on level 14 of the Dungeon)

   rElec:     It insulates you from electricity.
 J - a +4 spectral quick blade
 S - a +4 scimitar of flaming
Missiles
 H - a throwing net (quivered)
Armour
 o - a +1 helmet (worn)
 v - +0 steam dragon scales
 B - a scarf of repulsion
 C - a +2 buckler of fire resistance (worn)
 F - a +1 pair of gloves (worn)
 G - the +5 ring mail "Gallorip" (worn) {rElec rF++ rC+ Int-2}
   (You found it on level 4 of the Lair of Beasts)

   Int:       It affects your intelligence (-2).
   rF:        It greatly protects you from fire.
   rC:        It protects you from cold.
   rElec:     It insulates you from electricity.
 P - the +3 pair of seven-league boots (worn) {Rampage+∞}
   (You bought it in a shop on level 1 of the Orcish Mines)

   Rampage+∞: When moving toward enemies, its wearer moves as far as possible.
 Q - +0 fire dragon scales
 R - a +2 cloak of preservation (worn)
Jewellery
 f - a +5 ring of evasion
 s - a +5 ring of evasion (left hand)
 A - an amulet of regeneration (around neck)
 D - a +4 ring of protection
 E - a ring of ice
 I - a ring of protection from cold
 L - a +4 ring of slaying (right hand)
 T - a ring of fire
Wands
 b - a wand of mindburst (29)
 i - a wand of polymorph (6)
 k - a wand of flame (81)
 x - a wand of paralysis (27)
Scrolls
 a - a scroll of blinking
 e - 2 scrolls of fear
 g - 9 scrolls of identify
 h - 3 scrolls of enchant armour
 j - 3 scrolls of amnesia
 l - 15 scrolls of teleportation
 n - 2 scrolls of fog
 w - a scroll of enchant weapon
 M - 2 scrolls of poison
 N - a scroll of magic mapping
 U - a scroll of acquirement
Potions
 c - 7 potions of might
 d - 2 potions of flight
 m - a potion of berserk rage
 p - 7 potions of mutation
 q - 5 potions of brilliance
 t - 12 potions of curing
 u - 2 potions of attraction
 z - 4 potions of lignification
 K - 3 potions of cancellation
 O - 2 potions of haste
 V - a potion of resistance
 W - a potion of ambrosia {unknown}


   Skills:
 + Level 14.8 Fighting
 + Level 3.0(11.4) Short Blades
 - Level 16.8(16.9) Long Blades
 - Level 11.8 Armour
 - Level 5.0 Shields
 - Level 3.3 Unarmed Combat
 + Level 4.0 Spellcasting
 + Level 0.7 Invocations
 + Level 0.6 Evocations


You had 23 spell levels left.
You didn't know any spells.
Your spell library contained the following spells:

 Spells                   Type           Power      Damage    Failure   Level
 Apportation              Tloc           4%         N/A       43%         1
 Foxfire                  Conj/Fire      8%         2x1d4     43%         1
 Magic Dart               Conj           8%         1d3       43%         1
 Necrotise                Necr           8%         1d4       43%         1
 Shock                    Conj/Air       8%         1d3       43%         1
 Summon Small Mammal      Summ           8%         N/A       43%         1
 Call Imp                 Summ           2%         N/A       56%         2
 Cigotuvi's Dreadful Rot  Necr/Pois/Air  4%         N/A       56%         2
 Ensorcelled Hibernation  Hex/Ice        4%         N/A       56%         2
 Poisonous Vapours        Pois/Air       4%         N/A       56%         2
 Static Discharge         Conj/Air       4%         2-3/arc   56%         2
 Mephitic Cloud           Conj/Pois/Air  2%         N/A       80%         3
 Spider Form              Tmut/Pois      2%         N/A       80%         3
 Swiftness                Air            2%         N/A       80%         3
 Tukima's Dance           Hex            2%         N/A       80%         3
 Vhi's Electric Charge    Tloc/Air       4%         N/A       80%         3
 Airstrike                Air            1%         2d(1-17)  99%         4
 Anguish                  Hex/Necr       1%         N/A       99%         4
 Animate Dead             Necr           2%         N/A       99%         4
 Passage of Golubria      Tloc           2%         N/A       99%         4
 Arcjolt                  Conj/Air       1%         1d11      100%        5
 Borgnjor's Vile Clutch   Necr/Erth      1%         N/A       100%        5
 Fireball                 Conj/Fire      1%         3d3       100%        5
 Lightning Bolt           Conj/Air       1%         1d12      100%        5
 Yara's Violent Unravell  Hex/Tmut       1%         3d3       100%        5
 Death Channel            Necr           1%         N/A       100%        6
 Starburst                Conj/Fire      1%         6d3       100%        6
 Haunt                    Necr/Summ      1%         N/A       100%        7
 Infestation              Necr           1%         N/A       100%        8


Dungeon Overview and Level Annotations

Branches:
Dungeon (15/15)            Temple (0/1) D:5            Lair (5/5) D:9
 Shoals (0/4) Lair:3        Snake (1/4) Lair:3        Slime (0/5) Lair:4
    Orc (2/2) D:9             Elf (0/3) Orc:2        Vaults (0/5) D:13
 Depths (0/4) D:15        Volcano (visited)         Gauntlet (visited)

Altars:
Dithmenos
Elyvilon
Kikubaaqudgha
Makhleb
Nemelex Xobeh
Ru
Sif Muna
Trog
Uskayaw
Vehumet
Wu Jian
Xom
Jiyva

Shops:
D:6 (   D:11 :   Orc:1 [   Orc:2 *[(

Portals:
Trove: D:10 (show slimy rune of Zot)

Annotations:
D:13 3 runed translucent doors, HilariousDeathArtist's ghost, journeyman NaBr
Snake:1 Agnes


Innate Abilities, Weirdness & Mutations

You have razor-sharp teeth.
Your natural rate of healing is unusually fast.
When hurt, damage is shared between your health and your magic reserves.
Your bite disrupts and absorbs the magic of your enemies.
Potions cannot restore your health.


Message History

Your weapon exudes an aura of protection.
Your bite misses Agnes.
Agnes is moderately wounded.
Agnes completely misses you.
You completely miss Agnes. Your bite misses Agnes.
Agnes is moderately wounded.
Agnes hits you with a +3 lajatang of distortion!!
You blink.
You stride towards Agnes!
You hit Agnes.
Agnes is moderately wounded.
Agnes hits you with a +3 lajatang of distortion!
Space warps horribly around you!
Agnes hits you with a +3 lajatang of distortion!!
* * * LOW HITPOINT WARNING * * *
You blink.
You stride towards Agnes!
You hit Agnes. Your bite misses Agnes.
Agnes is moderately wounded.
Agnes hits you but does no damage. Space warps around you.
* * * LOW HITPOINT WARNING * * *
Blink to where?
Press: ? - help, Dir - move target
As you read the scroll of blinking, it crumbles to dust.
You feel yourself speed up.
Agnes says, "It is my duty to kill you, but also my pleasure."
Agnes hits you with a +3 lajatang of distortion!
* * * LOW HITPOINT WARNING * * *
You blink.
You completely miss Agnes. Your bite misses Agnes.
Agnes is lightly wounded.
You closely miss Agnes. You bite Agnes! You drain her power.
You feel invigorated.
Agnes is moderately wounded.
Agnes hits you with a +3 lajatang of distortion!!
Space warps horribly around you!!
* * * LOW HITPOINT WARNING * * *
Agnes attacks as you move away! Agnes hits you but does no damage.
Space warps horribly around you!
* * * LOW HITPOINT WARNING * * *
Agnes hits you but does no damage. Space warps horribly around you!!
You die...

... #.# #.# ###
#.# #.# ###.#
#.# ...# #.#
#####.####.#
#..........#
##.##.######
#i#
######@########
#....÷.......<#
#......########
#.#.#### .. #.
. #


You could see Agnes.

Vanquished Creatures
  Saint Roka (Orc:1)
  Jorgrun (Orc:2)
  A stone giant (D:15)
  A minotaur (Gauntlet)
  3 fire dragons
  The ghost of Coguiqiqih the Fighter, a journeyman DrCA of Ignis (Lair:2)
  7 hydras
  Erica (D:8)
  2 catoblepae
  5 centaur warriors
  4 boulder beetles
  A hell hog (Volcano)
  2 tengu warriors
  2 orc high priests
  5 two-headed ogres
  Nergalle (Orc:2)
  Sonja (D:11)
  5 skeletal warriors (D:14)
  A swamp dragon (shapeshifter) (D:14)
  2 wizards
  A necromancer (D:13)
  2 lindwurms (Lair:5)
  4 orc knights
  2 deep elf pyromancers
  A deep elf zephyrmancer (D:13)
  2 wolf spiders
  A manticore (D:13)
  3 orc sorcerers
  7 ugly things
  8 cyclopes
  21 elephants
  Joseph (D:8)
  7 black mambas
  An ice statue (Gauntlet)
  4 molten gargoyles
  5 torpor snails (Lair:5)
  6 cane toads
  A cane toad (shapeshifter) (D:12)
  A gargoyle (D:12)
  7 komodo dragons
  3 rime drakes
  Maggie (D:7)
  A kobold demonologist (D:12)
  A yaktaur (D:15)
  An efreet (D:14)
  A freezing wraith (D:14)
  A tengu conjurer (D:13)
  6 meliai
  9 trolls
  12 polar bears
  8 hornets
  3 tyrant leeches (Lair:5)
  24 blink frogs
  A snapping turtle (Lair:3)
  A raiju (Lair:5)
  8 slime creatures
  Sigmund (D:2)
  A spriggan (Lair:3)
  6 flying skulls (Gauntlet)
  A vampire (D:10)
  7 wyverns
  2 shadows (D:12)
  2 wraiths
  7 basilisks
  4 fire bats (Volcano)
  21 yaks
  2 steam dragons
  A vampire mosquito (D:12)
  3 acid dragons
  8 wargs
  3 nagas (Lair:3)
  17 hell hounds
  11 water moccasins
  21 orc warriors
  2 sky beasts
  2 ice beasts
  12 black bears
  25 wolves
  7 ogres
  22 centaurs
  2 phantoms
  3 kobold brigands
  16 bullfrogs
  2 gnoll sergeants
  A scorpion (D:5)
  8 wights (D:9)
  5 howler monkeys
  An electric eel (Lair:1)
  A lava snake (D:11)
  2 hounds
  3 jellies
  17 orc priests
  A gnoll bouda (D:9)
  2 iguanas
  16 orc wizards
  Robin (D:3)
  13 gnolls
  12 adders
  2 shadow imps (Gauntlet)
  2 white imps
  6 worms
  2 dart slugs
  60 orcs
  9 ball pythons
  12 endoplasms
  2 giant cockroaches
  18 goblins
  11 hobgoblins
  3 jackals (D:4)
  2 quokkas (D:5)
  6 bats
  A frilled lizard (D:3)
  14 kobolds
  8 rats
665 creatures vanquished.

Vanquished Creatures (others)
  An orc wizard (Orc:2)
  An orc (D:7)
  8 fungi
  54 plants
  2 withered plants (Lair:2)
66 creatures vanquished.

Grand Total: 731 creatures vanquished

Notes
Turn   | Place    | Note
-------+----------+-------------------------------------------
     0 | D:1      | mistaj the Vine Stalker Fighter began the quest for the
                  | Orb.
     0 | D:1      | Reached XP level 1. HP: 11/11 MP: 2/2
   277 | D:1      | Reached XP level 2. HP: 16/16 MP: 3/3
   621 | D:1      | Reached XP level 3. HP: 18/20 MP: 4/4
   850 | D:2      | Noticed Sigmund
  1952 | D:3      | Noticed Robin
  1967 | D:3      | Gained mutation: Your natural rate of healing is unusually
                  | fast. [Vine Stalker growth]
  1967 | D:3      | Reached XP level 4. HP: 10/24 MP: 5/5
  2032 | D:3      | Killed Robin
  2286 | D:3      | Reached XP level 5. HP: 12/28 MP: 4/6
  2311 | D:3      | Identified the +6 long sword "Ruatz" {protect, rElec rPois}
  2405 | D:3      | Found an ancient bone altar of Kikubaaqudgha.
  2556 | D:3      | Found a shimmering blue altar of Sif Muna.
  2769 | D:3      | Reached skill level 1 in Long Blades
  2827 | D:3      | Found a faded altar of an unknown god.
  2896 | D:4      | Reached XP level 6. HP: 33/33 MP: 7/7
  2932 | D:4      | Found an ornate altar of the Wu Jian Council.
  2994 | D:4      | Found a sacrificial altar of Ru.
  3003 | D:4      | Reached skill level 2 in Long Blades
  3253 | D:4      | Found a burning altar of Makhleb.
  3258 | D:4      | Became a worshipper of Makhleb the Destroyer
  3415 | D:5      | Entered Level 5 of the Dungeon
  3437 | D:5      | Reached skill level 3 in Long Blades
  3437 | D:5      | Reached XP level 7. HP: 38/38 MP: 8/8
  3506 | D:5      | Found a staircase to the Ecumenical Temple.
  3578 | D:5      | Reached skill level 4 in Long Blades
  3644 | D:5      | Reached * piety under Makhleb
  3662 | D:5      | Reached skill level 5 in Fighting
  3662 | D:5      | Reached skill level 5 in Shields
  3662 | D:5      | Gained mutation: You have razor-sharp teeth. [Vine Stalker
                  | growth]
  3662 | D:5      | Reached XP level 8. HP: 43/43 MP: 9/9
  4168 | D:6      | Identified the +8 hand axe of Voocaboe {heavy, rN+ Str+5
                  | Int-3}
  4268 | D:6      | Reached skill level 1 in Spellcasting
  4428 | D:6      | Reached skill level 5 in Long Blades
  4755 | D:6      | Found Elitude's Firing Range.
  5669 | D:2      | Killed Sigmund
  5803 | D:7      | Noticed Maggie
  5826 | D:7      | Killed Maggie
  5827 | D:7      | Reached skill level 6 in Long Blades
  5827 | D:7      | Reached XP level 9. HP: 48/48 MP: 12/14
  5917 | D:7      | Noticed a hornet
  5925 | D:7      | Killed a hornet
  5928 | D:7      | Reached skill level 7 in Long Blades
  6370 | D:8      | Noticed a two-headed ogre
  6474 | D:8      | Found a hide-covered altar of Uskayaw.
  6501 | D:8      | Found a shadowy altar of Dithmenos.
  6528 | D:8      | Noticed Erica
  6543 | D:8      | Killed Erica
  6544 | D:8      | Reached skill level 8 in Long Blades
  6712 | D:8      | Noticed Joseph
  6724 | D:8      | Killed Joseph
  6725 | D:8      | Reached XP level 10. HP: 55/55 MP: 16/16
  6931 | D:8      | Reached skill level 9 in Long Blades
  7286 | D:8      | Found a white marble altar of Elyvilon.
  7905 | D:9      | Reached ** piety under Makhleb
  7995 | D:9      | Reached skill level 10 in Long Blades
  8033 | D:9      | Found a bloodstained altar of Trog.
  8163 | D:9      | Reached *** piety under Makhleb
  8177 | D:9      | Found a staircase to the Orcish Mines.
  8369 | D:9      | Reached XP level 11. HP: 60/60 MP: 15/17
  8417 | D:9      | Found a staircase to the Lair.
  8422 | D:9      | Reached skill level 11 in Long Blades
  8567 | D:9      | Noticed a two-headed ogre
  8574 | D:9      | Killed a two-headed ogre
  8941 | D:8      | Killed a two-headed ogre
  9006 | D:10     | Entered Level 10 of the Dungeon
  9157 | D:10     | Noticed a two-headed ogre
  9169 | D:10     | Killed a two-headed ogre
  9445 | D:10     | Found a portal to a secret trove of treasure.
  9769 | D:11     | Noticed a cyclops
  9772 | D:11     | Reached skill level 12 in Long Blades
  9775 | D:11     | Killed a cyclops
  9775 | D:11     | Reached **** piety under Makhleb
 10071 | D:10     | Reached skill level 5 in Armour
 10274 | D:11     | Noticed a fire dragon
 10284 | D:11     | Reached XP level 12. HP: 42/67 MP: 11/18
 10299 | D:11     | Killed a fire dragon
 10458 | D:11     | Noticed Sonja
 10466 | D:11     | Found Cuer's Book Boutique.
 10466 | D:11     | Noticed a two-headed ogre
 10471 | D:11     | Killed Sonja
 10475 | D:11     | Killed a two-headed ogre
 10873 | Lair:1   | Entered Level 1 of the Lair of Beasts
 11098 | Lair:1   | Reached skill level 10 in Fighting
 11277 | Lair:1   | Reached skill level 13 in Long Blades
 11485 | Lair:1   | You fall into a shaft and drop 1 floor!
 11661 | Lair:2   | Found a dark tunnel.
 11667 | Volcano  | Entered a volcano
 11709 | Volcano  | Noticed a fire dragon
 11734 | Volcano  | Killed a fire dragon
 11740 | Volcano  | Noticed a hell hog
 11808 | Volcano  | Killed a hell hog
 12142 | Lair:2   | Noticed a five-headed hydra
 12148 | Lair:2   | Killed a two-headed hydra
 12191 | Lair:2   | Found a runed translucent door.
 12191 | Lair:2   | Noticed Coguiqiqih's ghost (journeyman DrCA)
 12622 | Lair:2   | Found a shimmering altar of Xom.
 13783 | Lair:3   | Found a staircase to the Snake Pit.
 13802 | Lair:3   | Reached skill level 1 in Short Blades
 13923 | Lair:3   | Reached ***** piety under Makhleb
 14010 | Lair:3   | Reached XP level 13. HP: 71/72 MP: 19/19
 14046 | Lair:3   | Identified the +7 sling of Descent {drain, rPois Str+2}
 14101 | Lair:3   | Reached skill level 14 in Long Blades
 14144 | Lair:3   | Identified the +2 robe "Ethrithri" {Str-2 Int+8 Dex+5}
 14226 | Lair:3   | Found a staircase to the Shoals.
 14841 | Lair:4   | Identified the +5 ring mail "Gallorip" {rElec rF++ rC+
                  | Int-2}
 14859 | Lair:4   | Found a viscous altar of Jiyva.
 14860 | Lair:4   | Found a staircase to the Slime Pits.
 15762 | Lair:5   | Entered Level 5 of the Lair of Beasts
 16049 | Lair:5   | Reached XP level 14. HP: 80/80 MP: 20/20
 16153 | Lair:5   | Reached skill level 15 in Long Blades
 16213 | Lair:5   | Reached ****** piety under Makhleb
 16498 | Lair:5   | Found a runed translucent door.
 17548 | Orc:1    | Entered Level 1 of the Orcish Mines
 17670 | Orc:1    | Found Purreot's Antique Armour Boutique.
 17722 | Orc:1    | Bought the +3 pair of seven-league boots {Rampage+∞} for
                  | 1480 gold pieces
 17722 | Orc:1    | Found the +3 pair of seven-league boots {Rampage+∞}
 17816 | Orc:2    | Entered Level 2 of the Orcish Mines
 18120 | Orc:2    | Noticed Jorgrun
 18140 | Orc:2    | Killed Jorgrun
 18141 | Orc:2    | Reached skill level 10 in Armour
 18177 | Orc:2    | Noticed Nergalle
 18189 | Orc:2    | Found a staircase to the Elven Halls.
 18231 | Orc:2    | Killed Nergalle
 18358 | Orc:2    | Noticed Saint Roka
 18586 | Orc:2    | Reached XP level 15. HP: 86/86 MP: 17/21
 18756 | Orc:1    | Killed Saint Roka
 18976 | Orc:2    | Found Tetikley's Antique Weapon Emporium.
 18992 | Orc:2    | Found Amoevimi's Antique Armour Emporium.
 19025 | Orc:2    | Found Bagysicu's General Store.
 19040 | Orc:2    | Found Ykhleabia's Jewellery Emporium.
 19063 | Orc:2    | Bought a runed cloak for 210 gold pieces
 19246 | Orc:1    | Reached skill level 16 in Long Blades
 21193 | D:13     | Found a gate to the Vaults.
 21391 | D:13     | Found a runed translucent gate.
 21391 | D:13     | Found a runed translucent gate.
 21391 | D:13     | Found a runed translucent gate.
 21391 | D:13     | Noticed HilariousDeathArtist's ghost (journeyman NaBr)
 21844 | D:14     | Found a gate leading to a gauntlet.
 21850 | Gauntlet | Entered a Gauntlet
 21850 | Gauntlet | Found a transporter.
 21850 | Gauntlet | Found a transporter.
 21850 | Gauntlet | Found a transporter.
 21855 | Gauntlet | Found a transporter.
 21856 | Gauntlet | Found a transporter.
 21856 | Gauntlet | Found a transporter.
 21876 | Gauntlet | Found a transporter.
 21876 | Gauntlet | Found the +0 mask of the Dragon {Will+ Slay+3 SInv}
 21879 | Gauntlet | Found a transporter.
 21880 | Gauntlet | Found a transporter.
 21891 | Gauntlet | Found a transporter.
 21901 | Gauntlet | Found a transporter.
 21906 | Gauntlet | Found a transporter.
 22232 | D:14     | Found the +8 arc blade {discharge, rElec}
 22683 | D:14     | Reached XP level 16. HP: 93/93 MP: 17/22
 23135 | D:15     | Entered Level 15 of the Dungeon
 23172 | D:15     | Found a staircase to the Depths.
 23223 | D:15     | Found a sparkling altar of Nemelex Xobeh.
 23323 | D:15     | Identified a scroll of acquirement
 23419 | D:15     | Found a radiant altar of Vehumet.
 23870 | Lair:2   | Killed Coguiqiqih's ghost
 24028 | Snake:1  | Entered Level 1 of the Snake Pit
 24324 | Snake:1  | Noticed Agnes
 24377 | Snake:1  | Slain by Agnes

Illustrated notes

Levels and vault maps discovered:
D:1:      dpeg_arrival_solitude, layout_basic, minmay_tall_x
D:2:      layout_loops_corners, kennysheep_generic_room_10, uniq_sigmund
D:3:      layout_basic, nicolae_kikubaaqudgha_miasma_corner,
          nicolae_sif_muna_little_library,
          dreamdust_ecumenical_altar_angels_and_demons, serial_glass,
          glass_columns_a, glass_columns_b, uniq_robin
D:4:      layout_cave_pools, nicolae_ru_great_annihilating_truth,
          lightli_temple_of_fire, nicolae_wu_jian_wuxing_cycle, glass_columns_b
D:5:      layout_rooms, minmay_temple_entry_glass, hangedman_decor_peaks_small
D:6:      layout_gridville, nicolae_shop_firing_range
D:7:      layout_rooms, minmay_tree_intersection, uniq_maggie
D:8:      layout_basic, mainiacjoe_overflow_catch_the_wave,
          nicolae_overflow_hidden_temple, uniq_erica, uniq_joseph
D:9:      layout_roguey, general_overflow_altar, minmay_lair_entry_grove,
          erik_orc_3
D:10:     layout_basic, nicolae_trove_entry_columns
D:11:     layout_roguey, serial_shops, shop, minivault_8, uniq_sonja
D:12:     hangedman_cross_cluster, layout_basic, dk_noncrumbling_3
D:13:     layout_irregular_city, david_vaults_1, maelrawn_ghost_gauntlet_escape,
          hangedman_decor_clover_reticule
D:14:     layout_roguey, eino_curves_04, gauntlet_entry_generic,
          grunt_ministairs_12
D:15:     grunt_enter_depths_giant_problem, layout_rooms,
          nemelex_spade_bored_becter, vehumet_crystals
Lair:1:   layout_cave_pods, infiniplex_staircase_pool, serial_bayou_shore_a
Lair:2:   layout_cave_pods, nicolae_volcano_entry_s_turn, gammafunk_ghost_grave,
          lemuel_centaur_altar
Lair:3:   layout_roguey, minmay_shoals_entry_hut, guppyfry_snake_entry_island,
          grunt_forest_stairs_clearing
Lair:4:   layout_layer_cave, nicolae_slime_entry_slimehenge
Lair:5:   wormcave, layout_cave_shapes, hangedman_lair_caniforms_friends,
          hangedman_lair_unloving_vines
Snake:1:  cheibrodos_toxic_ritual, layout_basic, grunt_megastairs_1,
          serial_bayou_shore_b, uniq_agnes
Orc:1:    layout_caves, serial_shops, shop, abandoned_shop
Orc:2:    grunt_orc_cross, layout_caves, basic_altar, uniq_jorgrun,
          uniq_saint_roka

Skill      XL: |  1  2  3  4  5  6  7  8  9 10 11 12 13 14 15 16 |
---------------+-------------------------------------------------+-----
Fighting       | 3 4 5 7 8 9 10 12 13 14 | 14.8
Shields        | 3 4 5 |  5.0
Unarmed Combat | 3 |  3.3
Long Blades    | 1 3 4 6 8 10 12 13 14 15 16 | 16.8
Spellcasting   | 3 4 |  4.0
Armour         | 3 5 6 8 10 11 | 11.8
Short Blades   | 1 3 |  3.0
Invocations    | |  0.7
Evocations     | |  0.6

Action                     |  1- 3 |  4- 6 |  7- 9 | 10-12 | 13-15 | 16-18 || total
---------------------------+-------+-------+-------+-------+-------+-------++-------
  Melee: Unarmed           |   113 |   101 |       |       |       |       ||   214
         Bite              |    23 |    44 |    57 |   243 |   653 |    25 ||  1045
         Long sword        |       |    88 |   196 |   660 |  1404 |     7 ||  2355
         Quick blade       |       |       |       |    58 |       |       ||    58
         Scimitar          |       |       |       |     5 |    31 |       ||    36
         Rapier            |       |       |       |       |    52 |    59 ||   111
  Evoke: Wand              |       |       |       |     2 |       |       ||     2
    Use: Scroll            |       |     5 |    14 |     9 |     6 |     1 ||    35
         Potion            |       |       |       |       |     1 |     1 ||     2
   Stab: Paralysed         |       |     1 |       |       |       |       ||     1
         Petrified         |       |       |       |       |       |     2 ||     2
 Armour: Chain mail        |    42 |    78 |    64 |   134 |       |       ||   318
         Ring mail         |       |       |       |    42 |   752 |    26 ||   820
         Scale mail        |       |       |       |    11 |       |       ||    11
         Fire dragon scale |       |       |       |       |     4 |       ||     4
  Dodge: Dodged            |    67 |   165 |   190 |   529 |  1213 |    17 ||  2181
  Block: Buckler           |    20 |    53 |    65 |   284 |   623 |    10 ||  1055

Table legend: (Time is in decaauts)
 A = Elapsed time spent in this place.
 B = Non-inter-level travel time spent in this place.
 C = Inter-level travel time spent in this place.
 D = Time resting spent in this place.
 E = Time spent auto-exploring this place.
 F = Levels seen in this place.
 G = Mean time per level.
                   A        B        C        D        E       F      G
               +--------+--------+--------+--------+--------+-----+--------+
         Total |  23989 |  22288 |   1701 |   2958 |  12461 |  25 |  959.6 |
       Dungeon |  14931 |  13773 |   1158 |   1832 |   8027 |  15 |  995.4 |
          Lair |   6293 |   5851 |    442 |    554 |   3657 |   5 | 1258.6 |
     Snake Pit |    331 |    331 |      0 |    213 |     43 |   1 |  331.0 |
  Orcish Mines |   1740 |   1639 |    101 |    339 |    574 |   2 |  870.0 |
       Volcano |    345 |    345 |      0 |      4 |    114 |   1 |  345.0 |
      Gauntlet |    347 |    347 |      0 |     15 |     46 |   1 |  347.0 |
               +--------+--------+--------+--------+--------+-----+--------+

Top non-repeatable levels by time:
     D:2: 1632 daAuts
    D:12: 1531 daAuts
  Lair:5: 1500 daAuts
  Lair:2: 1420 daAuts
     D:8: 1330 daAuts
  Lair:4: 1292 daAuts
  Lair:1: 1223 daAuts
     D:9: 1160 daAuts
    D:10: 1078 daAuts
     D:3: 1031 daAuts
     D:1: 1006 daAuts
     D:6: 972 daAuts
    D:14: 911 daAuts
   Orc:2: 885 daAuts
  Lair:3: 856 daAuts
